General information
- name: BNet
- type: Ladder team game (AT/RT)
- host: Battle.net
- saver: TheWarlock
map: Deathknell
- players: 8
- length: 64:30
- speed: Fast
- version: 1.28 W3XP
- replay type: Public
» download(506 KB)
Players
team 1 (winner)
Eug_Master (
green | 41 APM | 2675 actions | 64:30)
6 Paladin
3 Holy Light
2 Devotion Aura
1 Resurrection
» actions
| Assign group hotkey | 73 | |
| Basic commands | 50 | |
| Build / train | 71 | |
| Enter build submenu | 35 | |
| Enter hero's abilities submenu | 6 | |
| Give item / drop item | 1 | |
| Right click | 807 | |
| Select / deselect | 418 | |
| Select group hotkey | 1114 | |
| Use ability | 100 | |
2675 total
» units
| Peasant | 8 | |
| Footman | 10 | |
| Knight | 17 | |
35 total
» upgrades
| Defend | 1 | |
| Swords | 3 | |
| Plating | 3 | |
| Lumber Harvesting | 1 | |
| Masonry | 3 | |
| Animal War Training | 1 | |
12 total
» buildings
| Farm | 15 | |
| Altar of Kings | 1 | |
| Barracks | 2 | |
| Lumber Mill | 1 | |
| Scout Tower | 11 | |
| Guard Tower | 11 | |
| Blacksmith | 1 | |
| Keep | 1 | |
| Castle | 1 | |
| Town Hall | 1 | |
45 total
» build order
00:07 Farm
00:11 Altar of Kings
00:33 Barracks
01:33 Farm
02:11 Lumber Mill
02:33 Farm
02:52 Scout Tower
03:17 Farm
03:24 Guard Tower
03:28 Scout Tower
03:59 Blacksmith
04:05 Guard Tower
05:01 Keep
05:07 Barracks
05:17 Farm
05:59 Farm
06:47 Farm
07:32 Farm
07:37 Castle
08:11 Farm
08:53 Farm
09:36 Farm
10:30 Farm
11:09 Farm
11:48 Farm
12:31 Farm
19:00 Town Hall
19:02 Scout Tower
20:16 Guard Tower
20:19 Scout Tower
20:54 Scout Tower
20:55 Guard Tower
21:30 Scout Tower
21:32 Guard Tower
22:24 Guard Tower
22:28 Scout Tower
23:17 Scout Tower
23:18 Guard Tower
23:52 Scout Tower
23:53 Guard Tower
24:43 Guard Tower
24:46 Scout Tower
25:17 Guard Tower
25:20 Scout Tower
25:50 Guard Tower
» items
| Lesser Clarity Potion | 1 | |
| Potion of Mana | 2 | |
| Orb of Fire | 1 | |
4 total
1249145891 (
teal | 79 APM | 5078 actions | 64:29)
10 Archmage
3 Summon Water Elemental
3 Brilliance Aura
1 Mass Teleport
3 Blizzard
» actions
| Assign group hotkey | 81 | |
| Basic commands | 220 | |
| Build / train | 201 | |
| ESC pressed | 2 | |
| Enter build submenu | 64 | |
| Enter hero's abilities submenu | 10 | |
| Give item / drop item | 22 | |
| Remove unit from queue | 1 | |
| Right click | 1332 | |
| Select / deselect | 705 | |
| Select group hotkey | 1686 | |
| Use ability | 754 | |
5078 total
» units
| Peasant | 13 | |
| Footman | 4 | |
| Goblin Shredder | 2 | |
| Dragonhawk Rider | 2 | |
| Gryphon Rider | 6 | |
| Priest | 2 | |
| Goblin Sapper | 1 | |
| Sorceress | 2 | |
| Rifleman | 3 | |
| Spell Breaker | 4 | |
| Siege Engine | 1 | |
| Goblin Zeppelin | 3 | |
43 total
» upgrades
| Masonry | 3 | |
| Lumber Harvesting | 1 | |
| Swords | 3 | |
| Animal War Training | 1 | |
| Armor | 3 | |
| Storm Hammers | 1 | |
| Cloud | 1 | |
| Plating | 3 | |
| Gunpowder | 3 | |
| Priest Training | 2 | |
| Sorceress Training | 2 | |
| Long Rifles | 1 | |
| Control Magic | 1 | |
| Barrage | 1 | |
| Fragmentation Shards | 1 | |
| Flak Cannons | 1 | |
| Flare | 1 | |
| Magic Sentry | 1 | |
30 total
» buildings
| Altar of Kings | 1 | |
| Barracks | 2 | |
| Farm | 11 | |
| Arcane Vault | 1 | |
| Scout Tower | 32 | |
| Keep | 3 | |
| Arcane Tower | 3 | |
| Lumber Mill | 1 | |
| Town Hall | 2 | |
| Guard Tower | 46 | |
| Castle | 2 | |
| Blacksmith | 1 | |
| Gryphon Aviary | 2 | |
| Arcane Sanctum | 3 | |
| Workshop | 4 | |
114 total
» build order
01:07 Altar of Kings
01:10 Barracks
01:12 Farm
01:14 Farm
01:24 Farm
02:13 Arcane Vault
02:51 Scout Tower
02:52 Keep
02:52 Keep
02:52 Keep
03:20 Arcane Tower
04:17 Lumber Mill
05:23 Town Hall
05:26 Scout Tower
05:26 Scout Tower
05:27 Scout Tower
05:27 Scout Tower
05:37 Scout Tower
05:37 Scout Tower
05:38 Scout Tower
05:43 Scout Tower
06:03 Guard Tower
06:04 Guard Tower
06:57 Guard Tower
06:57 Guard Tower
07:36 Guard Tower
07:57 Guard Tower
07:57 Guard Tower
08:26 Guard Tower
08:26 Guard Tower
08:50 Castle
08:50 Castle
09:15 Scout Tower
09:16 Scout Tower
09:17 Scout Tower
09:22 Blacksmith
09:46 Gryphon Aviary
09:47 Gryphon Aviary
09:50 Guard Tower
09:50 Guard Tower
09:50 Guard Tower
09:52 Guard Tower
09:52 Guard Tower
09:52 Guard Tower
09:52 Guard Tower
10:40 Guard Tower
10:40 Guard Tower
11:55 Farm
11:55 Farm
11:58 Farm
12:10 Scout Tower
12:42 Guard Tower
12:42 Guard Tower
12:42 Guard Tower
13:00 Scout Tower
13:00 Scout Tower
13:01 Scout Tower
13:02 Scout Tower
13:04 Scout Tower
13:20 Scout Tower
13:25 Scout Tower
13:48 Guard Tower
13:48 Guard Tower
14:15 Guard Tower
14:23 Farm
14:24 Farm
15:06 Farm
15:32 Farm
15:54 Scout Tower
16:23 Guard Tower
16:23 Guard Tower
16:25 Scout Tower
16:31 Farm
17:33 Guard Tower
17:33 Guard Tower
17:42 Guard Tower
17:42 Guard Tower
17:44 Guard Tower
17:44 Guard Tower
17:59 Arcane Sanctum
21:14 Scout Tower
26:54 Arcane Sanctum
26:59 Arcane Sanctum
27:15 Barracks
27:29 Town Hall
27:33 Scout Tower
27:34 Scout Tower
27:35 Scout Tower
27:36 Scout Tower
27:37 Scout Tower
28:01 Guard Tower
28:01 Guard Tower
28:06 Guard Tower
28:06 Guard Tower
28:10 Guard Tower
28:10 Guard Tower
28:10 Guard Tower
28:13 Scout Tower
28:13 Scout Tower
28:15 Scout Tower
28:18 Scout Tower
28:39 Guard Tower
28:39 Guard Tower
28:41 Guard Tower
28:41 Guard Tower
28:41 Guard Tower
28:43 Guard Tower
28:44 Guard Tower
28:54 Arcane Tower
28:54 Arcane Tower
48:12 Workshop
48:13 Workshop
48:15 Workshop
48:15 Workshop
» items
| Mechanical Critter | 13 | |
| Scroll of Regeneration | 17 | |
| Ivory Tower | 2 | |
| Staff of Sanctuary | 1 | |
| Potion of Healing | 2 | |
| Scroll of Town Portal | 2 | |
| Lesser Clarity Potion | 4 | |
41 total
letsallagreeman (
red | 45 APM | 2308 actions | 51:28)
6 Death Knight
3 Death Coil
2 Unholy Aura
1 Animate Dead
5 Lich
3 Frost Nova
2 Frost Armor
» actions
| Assign group hotkey | 26 | |
| Basic commands | 13 | |
| Build / train | 82 | |
| Enter build submenu | 21 | |
| Enter hero's abilities submenu | 11 | |
| Right click | 807 | |
| Select / deselect | 388 | |
| Select group hotkey | 875 | |
| Use ability | 85 | |
2308 total
» units
| Acolyte | 13 | |
| Ghoul | 4 | |
| Crypt Fiend | 7 | |
| Gargoyle | 8 | |
| Frost Wyrm | 5 | |
37 total
» upgrades
| Creature Carapace | 3 | |
| Creature Attack | 5 | |
| Web | 1 | |
9 total
» buildings
| Ziggurat | 11 | |
| Altar of Darkness | 1 | |
| Crypt | 1 | |
| Graveyard | 1 | |
| Tomb of Relics | 1 | |
| Nerubian Tower | 1 | |
| Halls of the Dead | 1 | |
| Necropolis | 1 | |
| Black Citadel | 1 | |
| Spirit Tower | 8 | |
| Sacrificial Pit | 1 | |
| Boneyard | 2 | |
30 total
» build order
00:10 Ziggurat
00:13 Altar of Darkness
00:35 Crypt
01:02 Graveyard
01:21 Ziggurat
01:28 Tomb of Relics
01:50 Nerubian Tower
04:29 Halls of the Dead
04:40 Ziggurat
05:56 Necropolis
08:02 Ziggurat
08:26 Ziggurat
08:58 Black Citadel
09:09 Spirit Tower
09:19 Spirit Tower
09:36 Spirit Tower
11:00 Sacrificial Pit
11:49 Boneyard
11:57 Spirit Tower
12:32 Boneyard
13:48 Ziggurat
13:50 Ziggurat
13:50 Ziggurat
14:52 Spirit Tower
14:54 Spirit Tower
16:21 Ziggurat
16:22 Ziggurat
16:25 Ziggurat
17:36 Spirit Tower
18:03 Spirit Tower
» items
| Rod of Necromancy | 2 | |
| Sacrificial Skull | 1 | |
| Scroll of Town Portal | 4 | |
| Orb of Corruption | 1 | |
8 total
onedarkone (
purple | 22 APM | 1423 actions | 64:30)
5 Archmage
2 Summon Water Elemental
2 Blizzard
1 Brilliance Aura
3 Mountain King
1 Storm Bolt
1 Thunder Clap
1 Bash
1 Blood Mage
1 Flame Strike
» actions
| Build / train | 93 | |
| Enter build submenu | 14 | |
| Enter hero's abilities submenu | 9 | |
| Give item / drop item | 3 | |
| Right click | 832 | |
| Select / deselect | 365 | |
| Use ability | 107 | |
1423 total
» units
| Peasant | 9 | |
| Footman | 5 | |
| Rifleman | 4 | |
| Mortar Team | 2 | |
| Flying Machine | 28 | |
48 total
» upgrades
| Defend | 1 | |
| Gunpowder | 3 | |
| Armor | 1 | |
| Flak Cannons | 1 | |
| Flying Machine Bombs | 1 | |
| Plating | 2 | |
| Long Rifles | 1 | |
10 total
» buildings
| Altar of Kings | 1 | |
| Barracks | 1 | |
| Farm | 7 | |
| Arcane Vault | 1 | |
| Lumber Mill | 1 | |
| Keep | 1 | |
| Blacksmith | 1 | |
| Workshop | 1 | |
| Castle | 1 | |
| Town Hall | 1 | |
16 total
» build order
00:10 Altar of Kings
00:14 Barracks
00:18 Farm
00:57 Farm
01:34 Farm
01:57 Arcane Vault
02:55 Farm
03:25 Lumber Mill
04:40 Keep
04:48 Blacksmith
05:15 Farm
06:04 Farm
07:52 Workshop
08:16 Farm
10:24 Castle
26:19 Town Hall
» items
| Scroll of Regeneration | 6 | |
| Lesser Clarity Potion | 7 | |
| Scroll of Town Portal | 6 | |
| Potion of Healing | 2 | |
21 total
team 2 (loser)
TheWarlock (
orange | 53 APM | 3402 actions | 64:30)
10 Archmage
3 Summon Water Elemental
3 Brilliance Aura
1 Mass Teleport
3 Blizzard
» actions
| Assign group hotkey | 55 | |
| Basic commands | 157 | |
| Build / train | 136 | |
| Enter build submenu | 102 | |
| Enter hero's abilities submenu | 11 | |
| Give item / drop item | 12 | |
| Remove unit from queue | 1 | |
| Right click | 1261 | |
| Select / deselect | 630 | |
| Select group hotkey | 725 | |
| Use ability | 312 | |
3402 total
» units
| Peasant | 21 | |
| Footman | 5 | |
| Goblin Shredder | 1 | |
| Gryphon Rider | 14 | |
| Goblin Zeppelin | 1 | |
| Goblin Sapper | 6 | |
48 total
» upgrades
| Masonry | 3 | |
| Swords | 3 | |
| Armor | 3 | |
| Animal War Training | 1 | |
| Storm Hammers | 1 | |
| Cloud | 1 | |
12 total
» buildings
| Altar of Kings | 1 | |
| Barracks | 1 | |
| Farm | 11 | |
| Lumber Mill | 1 | |
| Keep | 1 | |
| Arcane Vault | 3 | |
| Town Hall | 6 | |
| Scout Tower | 95 | |
| Arcane Tower | 2 | |
| Castle | 1 | |
| Guard Tower | 18 | |
| Gryphon Aviary | 9 | |
| Blacksmith | 2 | |
151 total
» build order
00:49 Altar of Kings
00:52 Barracks
00:53 Farm
01:00 Farm
01:06 Farm
01:25 Lumber Mill
01:54 Farm
03:54 Keep
04:39 Arcane Vault
04:45 Town Hall
05:06 Scout Tower
05:45 Arcane Tower
06:40 Castle
07:00 Scout Tower
07:01 Scout Tower
07:02 Scout Tower
07:02 Scout Tower
07:08 Scout Tower
07:09 Scout Tower
07:09 Scout Tower
07:11 Scout Tower
07:22 Scout Tower
07:43 Guard Tower
08:16 Guard Tower
09:03 Gryphon Aviary
09:03 Gryphon Aviary
09:04 Gryphon Aviary
09:06 Gryphon Aviary
09:28 Blacksmith
09:30 Blacksmith
09:49 Arcane Tower
10:01 Farm
13:57 Scout Tower
13:57 Scout Tower
13:58 Scout Tower
13:58 Scout Tower
13:59 Scout Tower
14:00 Scout Tower
14:00 Scout Tower
14:00 Scout Tower
14:01 Scout Tower
14:01 Scout Tower
14:03 Scout Tower
14:40 Guard Tower
16:13 Guard Tower
17:42 Scout Tower
17:42 Scout Tower
17:43 Scout Tower
17:43 Scout Tower
18:34 Guard Tower
22:53 Town Hall
22:58 Scout Tower
22:58 Scout Tower
22:59 Scout Tower
22:59 Scout Tower
23:07 Scout Tower
23:07 Scout Tower
23:08 Scout Tower
23:08 Scout Tower
23:15 Arcane Vault
24:07 Guard Tower
24:15 Scout Tower
24:15 Scout Tower
24:15 Scout Tower
24:16 Scout Tower
24:16 Scout Tower
24:16 Scout Tower
24:17 Scout Tower
24:19 Scout Tower
24:20 Scout Tower
24:59 Guard Tower
25:19 Guard Tower
27:05 Scout Tower
27:05 Scout Tower
27:06 Scout Tower
27:06 Scout Tower
27:07 Scout Tower
27:08 Scout Tower
27:09 Scout Tower
27:10 Scout Tower
27:10 Scout Tower
27:11 Scout Tower
27:15 Scout Tower
27:17 Scout Tower
28:16 Scout Tower
28:16 Scout Tower
28:17 Scout Tower
28:17 Scout Tower
28:17 Scout Tower
28:18 Scout Tower
28:19 Scout Tower
28:19 Scout Tower
28:19 Scout Tower
28:20 Scout Tower
28:21 Scout Tower
28:22 Scout Tower
28:25 Scout Tower
28:25 Scout Tower
29:26 Guard Tower
29:46 Guard Tower
30:45 Scout Tower
30:46 Scout Tower
30:46 Scout Tower
30:46 Scout Tower
30:47 Scout Tower
30:48 Scout Tower
30:48 Scout Tower
30:48 Scout Tower
30:48 Scout Tower
30:49 Scout Tower
31:38 Guard Tower
31:40 Guard Tower
32:31 Gryphon Aviary
32:32 Gryphon Aviary
32:34 Gryphon Aviary
32:35 Gryphon Aviary
32:42 Gryphon Aviary
32:43 Farm
32:44 Farm
32:47 Farm
33:00 Farm
33:00 Farm
33:02 Farm
33:25 Guard Tower
33:29 Town Hall
34:29 Town Hall
34:38 Scout Tower
34:38 Scout Tower
34:39 Scout Tower
34:39 Scout Tower
34:44 Scout Tower
34:47 Scout Tower
34:47 Scout Tower
34:47 Scout Tower
34:47 Scout Tower
34:49 Scout Tower
34:49 Scout Tower
34:50 Scout Tower
34:50 Scout Tower
34:54 Arcane Vault
35:17 Guard Tower
35:39 Guard Tower
35:42 Guard Tower
36:31 Town Hall
36:52 Guard Tower
36:59 Scout Tower
37:00 Scout Tower
37:00 Scout Tower
37:01 Scout Tower
37:48 Guard Tower
58:15 Town Hall
» items
| Scroll of Regeneration | 10 | |
| Mechanical Critter | 9 | |
| Staff of Sanctuary | 2 | |
| Scroll of Town Portal | 11 | |
| Potion of Healing | 9 | |
| Healing Salve | 1 | |
42 total

»
l3gendarycoyot3 (
blue | 32 APM | 2036 actions | 64:30)
8 Far Seer
3 Feral Spirit
3 Chain Lighting
1 Earth Quake
1 Far Sight
» actions
| Basic commands | 313 | |
| Build / train | 91 | |
| Enter build submenu | 22 | |
| Enter hero's abilities submenu | 8 | |
| Remove unit from queue | 2 | |
| Right click | 1018 | |
| Select / deselect | 482 | |
| Use ability | 100 | |
2036 total
» units
| Peon | 16 | |
| Grunt | 9 | |
| Tauren | 15 | |
| Troll Witch Doctor | 8 | |
| Shaman | 5 | |
53 total
» upgrades
| Shaman Training | 2 | |
| Melee Weapons | 3 | |
| Armor | 2 | |
| Pulverize | 1 | |
| Witch Doctor Training | 2 | |
10 total
» buildings
| Altar of Storms | 1 | |
| Orc Burrow | 8 | |
| Barracks | 1 | |
| Voodoo Lounge | 1 | |
| Great Hall | 2 | |
| Stronghold | 1 | |
| War Mill | 1 | |
| Fortress | 1 | |
| Spirit Lodge | 1 | |
| Tauren Totem | 2 | |
| Watch Tower | 3 | |
22 total
» build order
00:19 Altar of Storms
00:36 Orc Burrow
00:50 Barracks
01:35 Orc Burrow
02:19 Voodoo Lounge
02:44 Orc Burrow
03:57 Orc Burrow
05:13 Great Hall
05:28 Stronghold
07:55 Great Hall
07:59 War Mill
08:03 Fortress
08:10 Spirit Lodge
09:09 Orc Burrow
10:14 Orc Burrow
10:25 Tauren Totem
10:29 Tauren Totem
13:41 Watch Tower
13:45 Watch Tower
14:05 Orc Burrow
14:52 Watch Tower
17:47 Orc Burrow
» items
| Lesser Clarity Potion | 8 | |
| Healing Salve | 2 | |
| Scroll of Town Portal | 2 | |
| Potion of Mana | 2 | |
| Scroll of Regeneration | 2 | |
16 total
ROLLupAfatONE (
pink | 18 APM | 1134 actions | 64:30)
5 Blademaster
3 Wind Walk
2 Critical Strike
» actions
| Build / train | 79 | |
| Enter build submenu | 26 | |
| Enter hero's abilities submenu | 5 | |
| Remove unit from queue | 2 | |
| Right click | 481 | |
| Select / deselect | 429 | |
| Use ability | 112 | |
1134 total
» units
| Peon | 14 | |
| Grunt | 9 | |
| Troll Batrider | 33 | |
| Troll Headhunter/Berserker | 3 | |
59 total
» upgrades
| Armor | 1 | |
| Melee Weapons | 1 | |
| Ranged Weapons | 1 | |
3 total
» buildings
| Orc Burrow | 7 | |
| Altar of Storms | 1 | |
| Barracks | 1 | |
| War Mill | 1 | |
| Voodoo Lounge | 1 | |
| Great Hall | 3 | |
| Stronghold | 1 | |
| Watch Tower | 6 | |
| Beastiary | 3 | |
24 total
» build order
00:05 Orc Burrow
00:12 Altar of Storms
01:01 Barracks
01:35 Orc Burrow
01:59 War Mill
02:08 Voodoo Lounge
03:48 Orc Burrow
04:58 Orc Burrow
06:23 Great Hall
06:37 Stronghold
09:02 Watch Tower
09:49 Watch Tower
10:04 Beastiary
10:08 Beastiary
10:13 Watch Tower
11:01 Watch Tower
12:05 Watch Tower
13:06 Orc Burrow
13:13 Watch Tower
14:12 Orc Burrow
16:31 Orc Burrow
21:00 Beastiary
32:23 Great Hall
33:57 Great Hall
» items
| Healing Salve | 3 | |
| Lesser Clarity Potion | 1 | |
| Scroll of Speed | 3 | |
| Scroll of Town Portal | 2 | |
| Potion of Healing | 1 | |
10 total
ZyKLoN-1 (
yellow | 26 APM | 1685 actions | 64:30)
4 Blademaster
1 Wind Walk
1 Mirror Image
2 Critical Strike
1 Far Seer
1 Feral Spirit
» actions
| Basic commands | 19 | |
| Build / train | 71 | |
| Enter build submenu | 25 | |
| Enter hero's abilities submenu | 5 | |
| Remove unit from queue | 4 | |
| Right click | 1172 | |
| Select / deselect | 315 | |
| Use ability | 74 | |
1685 total
» units
| Peon | 18 | |
| Shaman | 7 | |
| Troll Headhunter/Berserker | 7 | |
| Wind Rider | 11 | |
| Raider | 3 | |
46 total
» upgrades
| Shaman Training | 2 | |
| Berserker Upgrade | 1 | |
| Troll Regeneration | 1 | |
| Envenomed Spears | 1 | |
| Ensnare | 1 | |
6 total
» buildings
| Orc Burrow | 8 | |
| Altar of Storms | 1 | |
| Stronghold | 1 | |
| War Mill | 1 | |
| Barracks | 1 | |
| Spirit Lodge | 2 | |
| Fortress | 1 | |
| Voodoo Lounge | 2 | |
| Great Hall | 2 | |
| Beastiary | 3 | |
| Tauren Totem | 1 | |
23 total
» build order
00:22 Orc Burrow
00:31 Altar of Storms
01:43 Stronghold
02:10 War Mill
02:38 Barracks
02:45 Orc Burrow
05:02 Spirit Lodge
05:25 Spirit Lodge
06:33 Fortress
06:38 Voodoo Lounge
07:16 Orc Burrow
07:20 Orc Burrow
07:24 Orc Burrow
07:28 Orc Burrow
07:32 Orc Burrow
09:48 Great Hall
10:47 Beastiary
13:12 Beastiary
13:24 Beastiary
14:36 Tauren Totem
14:42 Voodoo Lounge
31:01 Great Hall
36:21 Orc Burrow
» items
| Potion of Healing | 3 | |
| Scroll of Town Portal | 4 | |
| Tiny Great Hall | 1 | |
8 total
Chat log
(00:27 / All) Eug_Master: Legendary Coyote which clan are you in now?
(00:45 / All) l3gendarycoyot3: ag
(00:45 / All) Eug_Master: You left Clan AoA?
(01:04 / All) l3gendarycoyot3: more activity
(01:11 / All) Eug_Master: i c
(05:56 / Allies) ZyKLoN-1: wood
(07:12 / All) l3gendarycoyot3: oh how did you know
(09:39 / Allies) l3gendarycoyot3: we need aa
(09:45 / Allies) l3gendarycoyot3: i garuntee they will have air
(12:06 / Allies) l3gendarycoyot3: i got taurens
(12:09 / Allies) l3gendarycoyot3: someone get aa
(13:29 / Allies) l3gendarycoyot3: i need lumber
(13:37 / Allies) TheWarlock: use bat on gargs
(13:38 / Allies) TheWarlock: pink
(13:42 / Allies) TheWarlock: when they hit
(13:45 / Allies) TheWarlock: make sure they don't get webbed
(13:52 / Allies) ROLLupAfatONE: got it
(13:59 / Allies) l3gendarycoyot3: lumber please
(16:01 / Allies) TheWarlock: don't get ewebed
(16:02 / Allies) TheWarlock: lol
(16:28 / Allies) TheWarlock: come pink
(16:30 / Allies) TheWarlock: I hit that expo again
(16:46 / Allies) TheWarlock: let's go pink
(18:06 / All) TheWarlock: Gay fucking hero focuser
(18:43 / Allies) TheWarlock: make shop there
(19:11 / Allies) l3gendarycoyot3: need aa
(20:15 / Allies) TheWarlock: can't do anything gyros
(20:22 / All) TheWarlock: red mhs I think lol
(20:24 / All) TheWarlock: Sad
(20:34 / All) letsallagreeman: lol i have two shades
(20:38 / All) letsallagreeman: Tell me more
(22:30 / All) l3gendarycoyot3: team is all split up gg
(22:39 / All) 1249145891: "so is mine
(22:46 / All) 1249145891: im barely paying attention this game noob
(22:52 / All) 1249145891: and I am getting hero kills with just am earlier
(22:54 / All) 1249145891: and raping with 50 food
(23:00 / All) 1249145891: not even spending my resources
(23:01 / All) 1249145891: learn to play
(23:50 / All) TheWarlock: purple lead me to ur expo red
(25:09 / All) 1249145891: no reinforced defenses
(25:17 / All) 1249145891: you just beat the campaign yellow and blue?
(25:25 / All) 1249145891: try watching wc3 multiplayer beginners guides first
(25:28 / All) 1249145891: before u play mp
(26:03 / Allies) ZyKLoN-1: orange give me 400 goold
(27:22 / Allies) ZyKLoN-1: orange gold olz
(28:14 / All) TheWarlock: Fuck off, dickwad!
(29:51 / Allies) ZyKLoN-1: gold orange
(29:58 / Allies) ZyKLoN-1: give me plz
(32:37 / Allies) ZyKLoN-1: orange make tower
(32:42 / Allies) ZyKLoN-1: up
(33:03 / Allies) ZyKLoN-1: up tower
(35:09 / Allies) ROLLupAfatONE: can i get some gold for bats???
(36:11 / Allies) ZyKLoN-1: plz gold
(36:43 / Allies) ZyKLoN-1: god plz
(38:34 / All) ZyKLoN-1: yellow orc vendect
(38:57 / Allies) ROLLupAfatONE: plz oj. no help with no mine or gold
(40:13 / Allies) l3gendarycoyot3: dude
(40:14 / All) ZyKLoN-1: 3 vs 2
(40:14 / Allies) l3gendarycoyot3: warlock
(40:17 / Allies) l3gendarycoyot3: send us all some gold
(40:19 / Allies) l3gendarycoyot3: man you have so mch
(40:59 / Allies) l3gendarycoyot3: bro
(41:03 / Allies) l3gendarycoyot3: give us some gold we will win
(41:09 / All) ZyKLoN-1: the warlok best
(41:55 / All) Eug_Master: Is down syndromes when someone is fat?
(41:56 / All) ZyKLoN-1: attack red
(42:13 / Allies) ROLLupAfatONE: hes mining the fck out of those mines with no upkeep
(42:22 / All) ZyKLoN-1: attack red
(42:38 / All) ZyKLoN-1: attack me
(42:47 / All) ZyKLoN-1: noob
(42:54 / All) 1249145891: gg noob allies just sitting in my base
(42:56 / All) ZyKLoN-1: wtf
(43:04 / All) 1249145891: I have a noob team
(43:10 / All) ZyKLoN-1: uman noob
(43:16 / All) 1249145891: im from oman noob
(43:18 / All) 1249145891: not uman
(43:37 / All) ROLLupAfatONE: well played all
(43:40 / All) ZyKLoN-1: do you have broken ass?
(44:00 / All) 1249145891: bad place to attack
(44:01 / All) ZyKLoN-1: human noob
(44:18 / Allies) l3gendarycoyot3: gold please
(44:24 / All) 1249145891: my base is safe
(44:24 / All) ZyKLoN-1: is over uman
(44:27 / All) 1249145891: no atack my base
(44:32 / All) 1249145891: is not over
(44:35 / All) 1249145891: oman indestructible
(44:38 / All) ZyKLoN-1: quit
(44:46 / All) 1249145891: im good thanks
(44:48 / All) 1249145891: having fun
(45:03 / All) ZyKLoN-1: ha ha ha ha indistructible ?
(45:10 / All) 1249145891: im a god
(45:12 / All) 1249145891: u cant fite me
(45:21 / All) ZyKLoN-1: ahahhahahahahha
(45:28 / All) ZyKLoN-1: god ?
(45:28 / Allies) l3gendarycoyot3: warlock make more guys man
(45:32 / Allies) l3gendarycoyot3: what the fuck
(45:54 / All) 1249145891: pink get reinfporced defense next game
(46:32 / All) 1249145891: damn 2 pendants of energy
(47:01 / All) l3gendarycoyot3: warlock is sitting on 17k gold and wont build anything
(47:04 / All) l3gendarycoyot3: zzzzzz
(47:08 / All) 1249145891: i have 10k
(47:11 / All) 1249145891: and not make unit
(47:16 / All) 1249145891: i like having gold
(47:16 / All) ZyKLoN-1: 124914 noob
(47:20 / All) 1249145891: if u spend ur gold u losew ealth
(47:26 / All) 1249145891: scrubs spend their money rather than save
(47:29 / All) 1249145891: poor people noobs
(47:35 / All) l3gendarycoyot3: lmao
(48:28 / 4) ZyKLoN-1: warloc
(48:35 / 4) ZyKLoN-1: make tank
(48:45 / All) ROLLupAfatONE: well this sux
(48:52 / All) 1249145891: u sux
(48:54 / All) 1249145891: gg
(48:55 / All) 1249145891: leave
(48:58 / 4) ZyKLoN-1: wrlock make tank
(49:36 / All) ZyKLoN-1: who wanna gold ?
(50:27 / Allies) ZyKLoN-1: go to attack
(50:54 / Allies) ZyKLoN-1: 3 vs 1
(51:59 / All) ZyKLoN-1: ha ha ha 3 vs 1
(52:12 / All) 1249145891: woot took reds items
(52:15 / All) 1249145891: pendant of nrg and ring of regen
(52:31 / All) ZyKLoN-1: stop it nigger
(52:52 / All) ZyKLoN-1: shhhhhhhhh
(53:20 / All) ZyKLoN-1: warlock n 1 strategy
(53:42 / All) 1249145891: telling my slaves to hit and won't listen
(53:51 / All) 1249145891: HIT
(53:53 / All) ZyKLoN-1: ha ha ha
(53:54 / All) 1249145891: SLAVES
(54:08 / All) 1249145891: RUN SLAVES
(54:09 / All) 1249145891: HIT SLAVES
(54:11 / All) 1249145891: NOob SLAVES
(54:13 / All) ZyKLoN-1: hahahahhahahhahahahahahhahahahaha
(54:27 / All) 1249145891: loo kat my slaves run
(54:29 / All) 1249145891: they wouldnt hit
(54:34 / All) l3gendarycoyot3: gg eug
(54:43 / All) 1249145891: dumb slaves
(54:46 / All) ZyKLoN-1: hahahhahahahah
(54:55 / All) ZyKLoN-1: bye green
(55:31 / All) ZyKLoN-1: hahhahahahahhaha redo
(55:34 / All) ZyKLoN-1: red
(55:48 / All) 1249145891: gg bad slaves on my team
(56:02 / All) 1249145891: need new slaves from the markets
(56:05 / All) 1249145891: these ones cant play wc32
(56:05 / All) ZyKLoN-1: now 1 vs1 spettacular
(56:27 / Allies) l3gendarycoyot3: get that mine too warlock
(57:48 / All) ZyKLoN-1: 12345 leave
(57:52 / All) 1249145891: no
(57:57 / All) ZyKLoN-1: quit
(58:00 / All) 1249145891: you're not the boss of me
(58:04 / All) 1249145891: im good thx
(58:05 / All) ZyKLoN-1: hahhahahahaha
(58:13 / All) l3gendarycoyot3: youre a little child arent you
(58:23 / All) 1249145891: i just turned 18
(58:30 / All) 1249145891: im an adult
(58:31 / All) 1249145891: bro
(58:32 / All) ZyKLoN-1: you dont have chance
(58:34 / All) l3gendarycoyot3: youre not the boss of me is something a 10 year old girl would say
(58:40 / All) 1249145891: no chance to survive make your tim e?
(58:42 / All) 1249145891: hahaha
(58:42 / All) ZyKLoN-1: quit
(59:21 / All) ZyKLoN-1: t
(59:26 / All) ZyKLoN-1: tp
(60:18 / All) ZyKLoN-1: why
(60:40 / All) 1249145891: FROM WHERE YOU'RE KNEELING IT MUST LOOK LIKE AN 18 KARAT RUN OF BAD LUCK
(60:41 / All) 1249145891: TRUTH IS
(60:45 / All) 1249145891: THE GAME WAS RIGGED FROM THE START
(60:55 / All) ZyKLoN-1: idont understand
(61:28 / All) ZyKLoN-1: hahhahahahhaha
(62:16 / All) ZyKLoN-1: hahahhahahhahhah now
(62:19 / All) ZyKLoN-1: ??
(62:24 / All) ZyKLoN-1: no chance
(62:26 / All) 1249145891: mexican standoff
(63:22 / All) ZyKLoN-1: why ?
(63:34 / All) ZyKLoN-1: hero vs hero ?
(64:22 / All) TheWarlock: Good luck, gentlemen
(64:25 / All) 1249145891: GL HF
(64:27 / All) TheWarlock: May the best Internet win